Map: Kairos Junction LE

Players

Rail

  • Race: Protoss Protoss
  • League: Grandmaster
  • Spawn Location: 11:00

HeroMarine - Winner!

  • Race: Terran Terran
  • League: Master
  • Spawn Location: 5:00

Event: 2019 WCS Winter Europe

VOD

Have the link to the VOD?

Description

Time

  • Played on: March 23, 2019, 11:56 a.m.
  • Length: 7:39

All games in this series

Show
View Real Time Build Order
Export as new Build Order

Rail Protoss 

Build Orders: 1 Gate Expand, Colossus Rush 

Get SALT Encoding   

  12  0:00  Probe  
  13  0:14  Pylon  
  13  0:17  Probe  
  14  0:30  Probe  
  14  0:32  Gateway  
  15  0:38  Probe  
  16  0:45  Assimilator  
  16  0:48  Probe  
  17  1:00  Probe  
  18  1:12  Probe  
  19  1:22  Nexus  
  19  1:31  Cybernetics Core  
  19  1:35  Probe  
  20  1:41  Assimilator  
  20  1:47  Pylon  
  20  1:49  Probe  
  21  1:58  Adept  
  21  2:01  Probe  
  24  2:10  Shield Battery  
  24  2:11  Warp Gate  
  24  2:13  Probe  
  25  2:18  Stalker  
  25  2:26  Probe  
  28  2:34  Probe  
  29  2:38  Probe  
  29  2:46  Probe  
  29  2:47  Stalker  
  29  2:51  Probe  
  33  2:54  Probe  
  34  3:01  Probe  
  34  3:03  Probe  
  35  3:09  Probe  
  35  3:10  Robotics Facility  
  35  3:12  Probe  
  36  3:17  Probe  
  38  3:24  Probe  
  40  3:29  Probe  
  41  3:34  Probe, Gateway  
  41  3:35  Gateway  
  42  3:41  Probe  
  42  3:42  Probe  
  42  3:44  Pylon  
  43  3:51  Probe  
  43  3:53  Probe  
  45  4:03  Probe  
  45  4:04  Observer  
  45  4:05  Stalker, Probe  
  45  4:07  Assimilator  
  50  4:10  Assimilator  
  50  4:11  Robotics Bay  
  50  4:13  Forge  
  50  4:15  Probe  
  51  4:17  Probe  
  51  4:22  Pylon  
  52  4:25  Observer  
  52  4:27  Probe  
  52  4:29  Pylon  
  54  4:40  Probe x2  
  54  4:41  Nexus  
  54  4:43  Observer  
  54  4:44  Pylon  
  56  4:47  Colossus  
  56  4:51  Protoss Ground Weapons Level 1  
  56  4:52  Probe x2  
  59  4:55  Pylon  
  64  5:07  Sentry  
  64  5:12  Extended Thermal Lance  
  66  5:17  Gateway  
  66  5:19  Gateway  
  66  5:24  Colossus  
  66  5:25  Twilight Council  
  66  5:28  Gateway  
  72  5:44  Probe  
  72  5:45  Probe  
  74  5:50  Zealot, Sentry  
  74  5:51  Zealot  
  74  5:53  Pylon  
  80  5:58  Probe  
  80  6:01  Colossus  
  80  6:02  Probe  
  82  6:07  Probe  
  82  6:10  Pylon  
  83  6:16  Probe  
  83  6:18  Probe  
  91  6:23  Probe  
  91  6:25  Pylon  
  92  6:27  Zealot x2  
  92  6:28  Probe  
  97  6:36  Stalker, Sentry  
  97  6:38  Zealot x2  
  101  6:41  Shield Battery  
  101  6:43  Colossus  
  100  6:47  Pylon  
  100  6:50  Zealot  
  100  6:51  Zealot  
  108  7:10  Stalker  
  108  7:11  Zealot x2, Stalker  
  116  7:17  Stalker  
  116  7:22  Zealot  
Show
View Real Time Build Order
Export as new Build Order

HeroMarine Terran - Winner!

Build Orders: Reaper Expand 

Get SALT Encoding   

  12  0:00  SCV  
  13  0:12  SCV  
  14  0:17  Supply Depot  
  14  0:24  SCV  
  15  0:38  SCV  
  15  0:40  Barracks  
  16  0:43  Refinery  
  16  0:50  SCV  
  17  1:02  SCV  
  18  1:14  SCV  
  19  1:27  Reaper, Orbital Command  
  20  1:40  Command Center  
  20  1:50  Supply Depot  
  20  1:52  SCV  
  21  1:59  Marine  
  22  2:04  SCV  
  23  2:08  Factory  
  23  2:17  SCV, Marine  
  25  2:23  Barracks  
  25  2:29  SCV  
  26  2:32  Bunker  
  26  2:35  Marine  
  27  2:41  SCV  
  27  2:42  Refinery  
  28  2:53  SCV, Orbital Command  
  28  2:55  Barracks Reactor  
  28  3:02  Factory Tech Lab  
  28  3:05  SCV  
  29  3:13  Barracks Tech Lab  
  29  3:17  SCV  
  30  3:20  SCV  
  30  3:22  Cyclone  
  34  3:29  SCV  
  34  3:32  SCV, Marine x2  
  34  3:33  Starport, Marine  
  39  3:38  Supply Depot  
  39  3:42  Refinery  
  39  3:43  SCV  
  39  3:45  SCV  
  41  3:55  SCV, Marine  
  42  3:56  Marine  
  42  3:57  SCV, Marine  
  42  4:00  Stimpack  
  45  4:07  SCV, Engineering Bay  
  45  4:09  SCV  
  47  4:14  Barracks  
  47  4:19  SCV  
  47  4:21  SCV, Raven, Supply Depot  
  51  4:24  Marine x2  
  51  4:27  Marine  
  54  4:37  Terran Infantry Weapons Level 1, Supply Depot  
  54  4:42  SCV x2  
  54  4:43  Supply Depot  
  56  4:48  Marauder  
  56  4:52  Marine x2  
  60  4:54  SCV x2  
  60  4:59  Supply Depot  
  62  5:06  SCV x2, Factory Reactor  
  64  5:09  Marauder, Refinery  
  64  5:10  Starport Reactor  
  66  5:15  Combat Shield  
  66  5:16  Marauder  
  66  5:18  SCV x2  
  70  5:22  Supply Depot  
  72  5:33  Command Center  
  72  5:35  Marauder  
  72  5:38  Marauder  
  74  5:49  Medivac  
  76  5:50  Medivac, Barracks  
  76  5:51  Barracks  
  76  5:56  SCV x2  
  76  5:57  Marauder  
  82  6:03  Marauder  
  84  6:06  Concussive Shells  
  84  6:08  SCV x2  
  86  6:12  Widow Mine x2  
  86  6:14  Marine x2  
  94  6:18  Marauder  
  94  6:23  Supply Depot  
  94  6:31  Supply Depot  
  94  6:44  Medivac x2, Barracks Reactor, Barracks Tech Lab, Marine x2  
  94  6:45  Marauder x2  
  94  6:47  Orbital Command  
  104  6:48  SCV x2  
  108  6:57  Supply Depot  
  108  7:00  SCV  
  108  7:01  SCV  
  109  7:06  Marauder  
  109  7:07  Marauder  
  113  7:09  Marauder  
  113  7:15  Starport  
Tags
 
Add a new tag
Caveats
  • Supply blocks, unpowered buildings, or Contaminate may cause inaccurate times.
  • Supply counts are checked every 10 seconds.